[Event "Titled Tuesday Blitz July 05 Early 2022"]
[White "Piesik, Piotr"]
[Black "Van Foreest, Jorden"]
[WhiteFideId "1136194"]
[BlackFideId "1039784"]
[WhiteElo "2242"]
[BlackElo "2609"]
[Result "0-1"]
[Round "02"]
[TimeControl "180+1"]
[Date "2022.07.05"]
[WhiteClock "0:01:21"]
[BlackClock "0:01:49"]

1. Nf3 c6 2. g3 b5 3. Bg2 Bb7 4. O-O Nf6 5. d3 d5 6. Nbd2 e6 7. e4 c5 8. Qe2 Be7 9. Re1 Nc6 10. c3 a5 11. Nf1 O-O 12. e5 Nd7 13. h4 b4 14. c4 dxc4 15. dxc4 Qc7 16. b3 a4 17. Bf4 axb3 18. axb3 Ra3 19. Rab1 Rfa8 20. Rb2 Nd4 21. Nxd4 cxd4 22. Bxb7 Qxb7 23. Nd2 Nc5 24. Reb1 Ra1 25. Qd1 Rxb1 26. Qxb1 f6 27. Ra2 Ra3 28. h5 Qa8 29. Rxa3 bxa3 30. b4 a2 31. Qa1 Nd3 32. Nb3 fxe5 33. Bd2 Bxb4 34. Bxb4 Nxb4 35. Kh2 Qa3 36. Qd1 Qb2 37. Kg2 Nc2 38. Qg4 Ne3+ 0-1


[Site "https://www.chess.com"]

[Event "Titled Tuesday Blitz July 05 Early 2022"]
[White "Saveliev, Alexei"]
[Black "Pap, Gyula"]
[WhiteFideId "24128546"]
[BlackFideId "725323"]
[WhiteElo "2281"]
[BlackElo "2553"]
[Result "0-1"]
[Round "02"]
[TimeControl "180+1"]
[Date "2022.07.05"]
[WhiteClock "0:00:01"]
[BlackClock "0:00:11"]

1. c4 e5 2. Nc3 Nf6 3. Nf3 Nc6 4. e3 g6 5. d4 d6 6. Be2 Bg7 7. O-O O-O 8. a3 Re8 9. h3 Bf5 10. b4 exd4 11. Nxd4 Nxd4 12. exd4 Ne4 13. Nxe4 Rxe4 14. Bb2 Qg5 15. Bf3 Rh4 16. Qc1 Qxc1 17. Raxc1 Bxd4 18. Bxd4 Rxd4 19. Bxb7 Rb8 20. Bc6 Bd3 21. Rfd1 Rxc4 22. Bd5 Rxc1 23. Rxc1 c5 24. bxc5 Rb5 25. Rc3 Bb1 26. Rf3 Bf5 27. g4 Rxc5 28. Bb3 Be6 29. Bxe6 fxe6 30. Kg2 Kg7 31. Rb3 Rc7 32. Rd3 d5 33. f4 Kf6 34. Kf3 Rc4 35. Rb3 g5 36. fxg5+ Kxg5 37. Re3 Kf6 38. Rb3 Ra4 39. Kg3 e5 40. Kh4 d4 41. Kg3 Ke6 42. g5 Kf5 43. h4 Ke4 44. h5 Ra6 45. Kg4 d3 46. Rb4+ Ke3 47. Rb5 e4 48. Kf5 d2 49. Rd5 Ke2 50. Kxe4 Ra5 0-1


[Site "https://www.chess.com"]

[Event "Titled Tuesday Blitz July 05 Early 2022"]
[White "Stoleriu, George"]
[Black "Niemann, Hans Moke"]
[WhiteFideId "1227505"]
[BlackFideId "2093596"]
[WhiteElo "2194"]
[BlackElo "2632"]
[Result "0-1"]
[Round "02"]
[TimeControl "180+1"]
[Date "2022.07.05"]
[WhiteClock "0:00:02"]
[BlackClock "0:00:21"]

1. e4 c6 2. Nf3 d5 3. exd5 cxd5 4. Ne5 Nc6 5. d4 Nf6 6. Bb5 Bd7 7. Nxd7 Qxd7 8. c3 e6 9. O-O Bd6 10. Nd2 a6 11. Bd3 O-O 12. Qe2 h6 13. Nf3 b5 14. a4 bxa4 15. Rxa4 a5 16. Ra1 Rfb8 17. Ne5 Qc7 18. f4 Ne7 19. g4 Nd7 20. Nxd7 Qxd7 21. f5 exf5 22. gxf5 f6 23. Qg4 Kh8 24. Rf3 Re8 25. Bf4 Bxf4 26. Qxf4 a4 27. Re3 Ng8 28. Rae1 Reb8 29. R1e2 Rb3 30. Bc2 Rxb2 31. Bxa4 Rb1+ 32. Kg2 Qxa4 33. Qc7 Qa1 34. Kh3 Rg1 35. Rf2 Rg5 36. Rg3 Qe1 37. Rfg2 Qe4 38. Rxg5 hxg5 39. Rg4 Qxf5 40. Kg3 Nh6 41. h3 Qd3+ 42. Kg2 Ra2+ 0-1


[Site "https://www.chess.com"]

[Event "Titled Tuesday Blitz July 05 Early 2022"]
[White "Suleymanli, Suleyman"]
[Black "Zhigalko, Sergei"]
[WhiteFideId "13416375"]
[BlackFideId "13502956"]
[WhiteElo "1652"]
[BlackElo "2662"]
[Result "1/2-1/2"]
[Round "02"]
[TimeControl "180+1"]
[Date "2022.07.05"]
[WhiteClock "0:01:08"]
[BlackClock "0:00:20"]

1. Nf3 d5 2. g3 c6 3. d4 Bg4 4. Bg2 Nf6 5. O-O e6 6. c4 Be7 7. b3 O-O 8. Nc3 Nbd7 9. Bb2 h6 10. Nd2 Rc8 11. Qc2 c5 12. dxc5 Bxc5 13. e3 a6 14. cxd5 exd5 15. h3 Bh5 16. Nf3 b5 17. Qd2 Bb4 18. Qd4 Bc5 19. Qd2 Bb4 20. Qd4 Bc5 21. Qd2 1/2-1/2


[Site "https://www.chess.com"]

[Event "Titled Tuesday Blitz July 05 Early 2022"]
[White "Svane, Frederik"]
[Black "Tica, Sven"]
[WhiteFideId "12923044"]
[BlackFideId "14526948"]
[WhiteElo "2459"]
[BlackElo "2346"]
[Result "1-0"]
[Round "02"]
[TimeControl "180+1"]
[Date "2022.07.05"]
[WhiteClock "0:01:11"]
[BlackClock "0:01:00"]

1. c4 g6 2. Nc3 Bg7 3. g3 Nc6 4. Bg2 d6 5. Rb1 a5 6. d3 e5 7. a3 Nge7 8. b4 axb4 9. axb4 O-O 10. b5 Nd4 11. e3 Ne6 12. Nge2 Nc5 13. O-O Bf5 14. e4 Be6 15. Be3 Ra3 16. Bc1 Ra8 17. Qc2 f5 18. Be3 Ra3 19. exf5 Bxf5 20. Bxc5 dxc5 21. Qb2 Ra5 22. Rbd1 b6 23. Qb3 Qd7 24. Nd5 Nxd5 25. Bxd5+ Be6 26. Bxe6+ Qxe6 27. Nc3 Rfa8 28. Nd5 Qd7 29. Rd2 h5 30. Qd1 Kh7 31. Qf3 Qh3 32. Nxc7 Ra1 33. Qg2 Re1 1-0


[Site "https://www.chess.com"]

[Event "Titled Tuesday Blitz July 05 Early 2022"]
[White "Tabatabaei, M. Amin"]
[Black "Djokic, Mihailo"]
[WhiteFideId "12521213"]
[BlackFideId "976440"]
[WhiteElo "2544"]
[BlackElo "2246"]
[Result "1-0"]
[Round "02"]
[TimeControl "180+1"]
[Date "2022.07.05"]
[WhiteClock "0:02:08"]
[BlackClock "0:00:38"]

1. d4 Nf6 2. Nf3 g6 3. g3 Bg7 4. Bg2 O-O 5. O-O d6 6. c4 Nc6 7. d5 Na5 8. b3 c5 9. Bb2 e5 10. Nc3 a6 11. a4 Re8 12. e4 Bg4 13. Qc2 Bxf3 14. Bxf3 Qb6 15. Ra3 h5 16. h4 Bh6 17. Nd1 Ng4 18. Bc3 Rf8 19. Qe2 f5 20. exf5 gxf5 21. Ne3 Qd8 22. Nxf5 Rxf5 23. Bxg4 Rf7 24. Be6 Kg7 1-0


[Site "https://www.chess.com"]

[Event "Titled Tuesday Blitz July 05 Early 2022"]
[White "Tari, Aryan"]
[Black "Malek, Jan"]
[WhiteFideId "1510045"]
[BlackFideId "21864080"]
[WhiteElo "2612"]
[BlackElo "2145"]
[Result "1-0"]
[Round "02"]
[TimeControl "180+1"]
[Date "2022.07.05"]
[WhiteClock "0:00:09"]
[BlackClock "0:00:08"]

1. c4 e5 2. Nc3 Bb4 3. Qc2 Nf6 4. e3 O-O 5. Nge2 Nc6 6. a3 Be7 7. Nd5 d6 8. Ng3 Re8 9. b4 Bf8 10. Bb2 Nxd5 11. cxd5 Ne7 12. Bc4 g6 13. O-O Bg7 14. f4 Nf5 15. Nxf5 Bxf5 16. e4 Bd7 17. fxe5 Bxe5 18. d4 Bg7 19. Rae1 Qg5 20. Qf2 Re7 21. e5 Rae8 22. e6 fxe6 23. dxe6 Bc6 24. h4 Qg4 25. d5 Bxb2 26. Qxb2 Qxc4 27. dxc6 bxc6 28. Qf6 Rxe6 29. Qf7+ Kh8 30. Rxe6 Qxe6 31. Qxc7 Qe3+ 32. Kh1 Qd4 33. Qxc6 Qxh4+ 34. Kg1 Qd4+ 35. Kh1 Qh4+ 36. Kg1 Qd4+ 37. Kh1 Qe5 38. Qc7 d5 39. Rf8+ 1-0


[Site "https://www.chess.com"]

[Event "Titled Tuesday Blitz July 05 Early 2022"]
[White "Terry, Renato"]
[Black "Sadubayev, Airat"]
[WhiteFideId "3803457"]
[BlackFideId "13713264"]
[WhiteElo "2577"]
[BlackElo "2163"]
[Result "1-0"]
[Round "02"]
[TimeControl "180+1"]
[Date "2022.07.05"]
[WhiteClock "0:01:19"]
[BlackClock "0:00:28"]

1. d4 d5 2. Bg5 c6 3. e3 Qb6 4. b3 e6 5. Nf3 Nf6 6. Bxf6 gxf6 7. c4 Bb4+ 8. Nbd2 Nd7 9. Be2 f5 10. O-O Nf6 11. Ne5 Bd7 12. cxd5 exd5 13. Nxd7 Kxd7 14. Nf3 Bd6 15. g3 Rae8 16. Nh4 f4 17. exf4 Ne4 18. Bh5 Rhf8 19. Nf5 Kc7 20. Qd3 Kb8 21. f3 Nf6 22. Nxd6 Nxh5 23. Nxe8 Rxe8 24. Rfe1 Rg8 25. Kh1 Qd8 26. Re5 Nf6 27. Rae1 h5 28. Qf5 h4 29. Re7 hxg3 30. Qxf6 1-0


[Site "https://www.chess.com"]

[Event "Titled Tuesday Blitz July 05 Early 2022"]
[White "Tokhirjonova, Gulrukhbegim"]
[Black "Deac, Bogdan-Daniel"]
[WhiteFideId "14203626"]
[BlackFideId "1226380"]
[WhiteElo "2227"]
[BlackElo "2648"]
[Result "0-1"]
[Round "02"]
[TimeControl "180+1"]
[Date "2022.07.05"]
[WhiteClock "0:00:01"]
[BlackClock "0:00:05"]

1. e4 c6 2. d4 d5 3. e5 Bf5 4. Nf3 e6 5. Be2 c5 6. dxc5 Bxc5 7. O-O Nc6 8. a3 Nge7 9. b4 Bb6 10. Bb2 Ng6 11. Nbd2 Nf4 12. Bb5 O-O 13. c4 Nd3 14. Qb3 Nxb2 15. Qxb2 a6 16. Bxc6 bxc6 17. c5 Bc7 18. Nb3 Be4 19. Nbd4 Qe8 20. Rfe1 f6 21. exf6 Rxf6 22. Re3 Qh5 23. h3 e5 24. Ne2 Bxf3 25. Rxf3 Rxf3 26. gxf3 Qxf3 27. Ng3 e4 28. Qe2 Rf8 29. Qxf3 Rxf3 30. Kg2 Be5 31. Re1 Rxa3 32. Nf5 Kf7 33. Rb1 Ke6 34. Ne3 g6 35. Ng4 Ra1 36. Rb3 Bd4 37. Ne3 h5 38. Nc2 Rd1 39. Ra3 Be5 40. Rxa6 Kd7 41. Ra7+ Kc8 42. Ra6 Kb7 43. Rb6+ Kc7 44. b5 cxb5 45. Rxb5 Rd2 46. Nb4 e3 47. Na6+ Kc8 48. c6 e2 0-1


[Site "https://www.chess.com"]

[Event "Titled Tuesday Blitz July 05 Early 2022"]
[White "Vlassov, Nikolai"]
[Black "Ibrahimli, Murad"]
[WhiteFideId "4103360"]
[BlackFideId "13410229"]
[WhiteElo "2324"]
[BlackElo "2109"]
[Result "1-0"]
[Round "02"]
[TimeControl "180+1"]
[Date "2022.07.05"]
[WhiteClock "0:00:37"]
[BlackClock "0:00:17"]

1. e4 c5 2. c3 d5 3. exd5 Qxd5 4. d4 Nf6 5. Nf3 e6 6. a3 Be7 7. Be3 cxd4 8. cxd4 O-O 9. Nc3 Qd6 10. Qc2 Nc6 11. Bd3 h6 12. O-O a6 13. Rac1 Bd7 14. Qd2 Nd5 15. Bxh6 Nxc3 16. Bf4 Qd5 17. bxc3 Bf6 18. Rfe1 Na5 19. c4 Qh5 20. Re5 Bxe5 21. Qxa5 Qxf3 22. gxf3 Bxf4 23. Rb1 b5 24. c5 f5 25. a4 Rfb8 26. Qc3 Bc6 27. axb5 axb5 28. Ra1 Rxa1+ 29. Qxa1 Bxf3 30. Bf1 Ra8 31. Qb2 e5 32. dxe5 Bh5 33. Bxb5 Kh8 34. Be2 Bf7 35. Bf3 Re8 36. Qb7 Kg8 37. Bd5 Bxd5 38. Qxd5+ Kh7 39. e6 Kg6 40. c6 Bg5 41. Qd7 1-0


[Site "https://www.chess.com"]

[Event "Titled Tuesday Blitz July 05 Early 2022"]
[White "Volkov, Maksim"]
[Black "Corrales Jimenez, Fidel"]
[WhiteFideId "54123070"]
[BlackFideId "3506690"]
[WhiteElo "2155"]
[BlackElo "2541"]
[Result "1/2-1/2"]
[Round "02"]
[TimeControl "180+1"]
[Date "2022.07.05"]
[WhiteClock "0:00:14"]
[BlackClock "0:00:11"]

1. d4 Nf6 2. c4 g6 3. g3 Bg7 4. Bg2 d5 5. cxd5 Nxd5 6. e4 Nb6 7. Ne2 O-O 8. O-O e5 9. dxe5 Bxe5 10. Nbc3 Na6 11. f4 Bg7 12. a3 Nc5 13. e5 Qxd1 14. Rxd1 Nb3 15. Rb1 Bf5 16. Ne4 Rad8 17. Be3 Nc4 18. Kf2 Bxe4 19. Bxe4 Nbd2 20. Bxd2 Nxd2 21. Bxb7 Nxb1 22. Rxb1 Rb8 23. Be4 Rfd8 24. Ke3 f6 25. exf6 Bxf6 26. b4 c5 27. b5 c4 28. a4 Re8 29. Kf3 Rbd8 30. Rc1 Rd2 31. Rxc4 Kh8 32. h4 Ra2 33. Nc1 Ra3+ 34. Nd3 Rd8 35. Ke3 Re8 36. Kf3 Rd8 37. Ke3 Re8 38. Kf3 1/2-1/2


[Site "https://www.chess.com"]

[Event "Titled Tuesday Blitz July 05 Early 2022"]
[White "Averjanov, Alexey"]
[Black "Hakobyan, Aram"]
[WhiteFideId "14109867"]
[BlackFideId "13306677"]
[WhiteElo "2728"]
[BlackElo "2557"]
[Result "0-1"]
[Round "03"]
[TimeControl "180+1"]
[Date "2022.07.05"]
[WhiteClock "0:00:15"]
[BlackClock "0:01:11"]

1. d4 Nf6 2. c4 g6 3. Nc3 d5 4. cxd5 Nxd5 5. e4 Nxc3 6. bxc3 Bg7 7. Nf3 c5 8. Be3 Qa5 9. Qd2 O-O 10. Rc1 Rd8 11. d5 Bg4 12. Be2 Nd7 13. O-O Bxf3 14. Bxf3 b5 15. Be2 Rac8 16. f4 b4 17. cxb4 cxb4 18. Bf3 Nb6 19. Rxc8 Rxc8 20. Bxb6 Qxb6+ 21. Kh1 Bc3 22. Qd3 a5 23. e5 a4 24. d6 exd6 25. exd6 Rd8 26. d7 Qe6 27. Rd1 Qxa2 28. Bd5 Qf2 29. Qc4 Kg7 30. Qc7 Bf6 31. h3 b3 32. Qc4 Rxd7 33. Qxa4 Rxd5 34. Rxd5 Qf1+ 35. Kh2 b2 36. Qe8 Qxf4+ 37. g3 Qf2+ 38. Kh1 b1=Q+ 39. Rd1 Qxd1+ 40. Qe1 Qdxe1# 0-1


[Site "https://www.chess.com"]

[Event "Titled Tuesday Blitz July 05 Early 2022"]
[White "Bachmann, Axel"]
[Black "Moussard, Jules"]
[WhiteFideId "3700488"]
[BlackFideId "642908"]
[WhiteElo "2587"]
[BlackElo "2589"]
[Result "0-1"]
[Round "03"]
[TimeControl "180+1"]
[Date "2022.07.05"]
[WhiteClock "0:00:12"]
[BlackClock "0:01:34"]

1. e4 d6 2. d4 g6 3. Nf3 Bg7 4. Bc4 Nf6 5. Qe2 Nc6 6. h3 O-O 7. O-O Nh5 8. c3 e5 9. dxe5 Nxe5 10. Nxe5 Bxe5 11. Bh6 Qf6 12. Nd2 Re8 13. Qf3 Nf4 14. Bxf4 Qxf4 15. Rfe1 Qh2+ 16. Kf1 Be6 17. Ke2 Bxc4+ 18. Nxc4 d5 19. Rh1 Qf4 20. Qxf4 Bxf4 21. Kf3 Rxe4 22. Na5 b6 23. Nc6 Bd6 24. Rad1 Rae8 25. g3 Re2 26. Rb1 Rd2 27. Nd4 Bc5 28. Rhd1 Rxd1 29. Rxd1 Bxd4 30. Rxd4 Re5 31. Ra4 a5 32. b4 Re4 0-1


[Site "https://www.chess.com"]

[Event "Titled Tuesday Blitz July 05 Early 2022"]
[White "Bagrationi, Alexander"]
[Black "Tristan, Leonardo"]
[WhiteFideId "14104954"]
[BlackFideId "113816"]
[WhiteElo "2398"]
[BlackElo "2404"]
[Result "0-1"]
[Round "03"]
[TimeControl "180+1"]
[Date "2022.07.05"]
[WhiteClock "0:00:08"]
[BlackClock "0:00:29"]

1. e4 d5 2. exd5 Qxd5 3. Nc3 Qa5 4. d4 Nf6 5. Nf3 Bf5 6. Bc4 e6 7. Ne5 Nbd7 8. f4 Nxe5 9. dxe5 Ne4 10. Bd3 O-O-O 11. Bd2 Nxd2 12. Qxd2 Bc5 13. O-O-O Rd4 14. Qe2 Rxf4 15. Rhf1 Qb4 16. Bxf5 Rxf5 17. Rxf5 exf5 18. e6 Qf4+ 19. Kb1 Qe3 20. Qxe3 Bxe3 21. exf7 Rf8 22. Nd5 Bc5 23. Nf4 Bd6 24. g3 Rxf7 25. c4 Bxf4 26. gxf4 Re7 27. Rd5 g6 28. Rd2 Re4 29. b3 Rxf4 30. Re2 Re4 31. Rd2 f4 32. Kc2 g5 33. Kd3 Re3+ 34. Kd4 Re7 35. Rg2 h6 36. c5 f3 37. Rf2 g4 38. b4 h5 39. b5 Kd7 40. Kd3 Ke6 41. h3 Kf5 42. hxg4+ hxg4 0-1


[Site "https://www.chess.com"]

[Event "Titled Tuesday Blitz July 05 Early 2022"]
[White "Barp, Alberto"]
[Black "Lashkin, Jegor"]
[WhiteFideId "872555"]
[BlackFideId "13907808"]
[WhiteElo "2229"]
[BlackElo "2368"]
[Result "1-0"]
[Round "03"]
[TimeControl "180+1"]
[Date "2022.07.05"]
[WhiteClock "0:00:03"]
[BlackClock "0:00:02"]

1. d4 Nf6 2. Bg5 e6 3. e4 h6 4. Bxf6 Qxf6 5. c3 c5 6. e5 Qd8 7. Nf3 cxd4 8. cxd4 Bb4+ 9. Nbd2 O-O 10. a3 Bxd2+ 11. Qxd2 d6 12. Bd3 dxe5 13. dxe5 Bd7 14. O-O Bc6 15. Qe3 Nd7 16. Rfd1 Qb6 17. Nd4 Rfd8 18. Rac1 Bd5 19. Rd2 Rac8 20. Re1 Nc5 21. Bc2 a5 22. h4 Kf8 23. Qf4 Rd7 24. Red1 Rdc7 25. h5 Qxb2 26. Bb3 Qxa3 27. Bxd5 exd5 28. Nb5 Ne6 29. Qf5 Qc5 30. Nxc7 Qxc7 31. Rxd5 Qe7 32. Rd7 Qe8 33. Qd3 Kg8 34. Qa3 Ra8 35. Rxb7 a4 36. Rdd7 Ng5 37. Re7 Qd8 38. f4 Qd1+ 39. Kh2 Qxh5+ 40. Kg1 Ne4 41. Rxf7 Qd1+ 42. Kh2 Qh5+ 43. Kg1 Qd1+ 44. Kh2 Qh5+ 45. Qh3 Qxf7 46. Rxf7 Kxf7 47. Qf5+ Nf6 48. exf6 1-0


[Site "https://www.chess.com"]

[Event "Titled Tuesday Blitz July 05 Early 2022"]
[White "Bekturov, Tamerlan"]
[Black "Kamsky, Gata"]
[WhiteFideId "13710184"]
[BlackFideId "2000024"]
[WhiteElo "2128"]
[BlackElo "2645"]
[Result "0-1"]
[Round "03"]
[TimeControl "180+1"]
[Date "2022.07.05"]
[WhiteClock "0:00:14"]
[BlackClock "0:01:22"]

1. d4 d5 2. c4 c6 3. cxd5 cxd5 4. Bf4 e6 5. e3 Bd6 6. Bxd6 Qxd6 7. Nc3 Nc6 8. Bd3 Nge7 9. f4 f6 10. Nge2 Bd7 11. Nb5 Qb8 12. O-O O-O 13. Rf3 Be8 14. Rc1 Bg6 15. Bxg6 hxg6 16. Qb3 Rc8 17. Rff1 a6 18. Nbc3 b5 19. a4 bxa4 20. Qxb8 Raxb8 21. Nxa4 Kf7 22. Rc2 Nb4 23. Rxc8 Rxc8 24. Nc5 Nf5 25. Kf2 Rb8 26. b3 Nc2 27. Rc1 Nfxe3 28. Ng3 Ng4+ 29. Kf3 Nxh2+ 30. Ke2 Nxd4+ 31. Kd3 Nxb3 32. Nxb3 Rxb3+ 0-1


[Site "https://www.chess.com"]

[Event "Titled Tuesday Blitz July 05 Early 2022"]
[White "Cabarkapa, Novak"]
[Black "Tabatabaei, M. Amin"]
[WhiteFideId "943746"]
[BlackFideId "12521213"]
[WhiteElo "2390"]
[BlackElo "2544"]
[Result "1-0"]
[Round "03"]
[TimeControl "180+1"]
[Date "2022.07.05"]
[WhiteClock "0:00:24"]
[BlackClock "0:00:02"]

1. c4 e5 2. Nc3 Nc6 3. Nf3 Nf6 4. e3 g6 5. d4 d6 6. d5 Ne7 7. e4 Bg7 8. h4 O-O 9. Nh2 h5 10. Be2 Nh7 11. g4 hxg4 12. Nxg4 f5 13. Nh6+ Kh8 14. h5 g5 15. Nxf5 Nxf5 16. exf5 Bxf5 17. h6 Bf6 18. Bg4 Qd7 19. Bxf5 Qxf5 20. Be3 e4 21. Qc2 Qf3 22. Rg1 Rae8 23. Kd2 c5 24. Rg3 Qf5 25. Rag1 Bd4 26. Kc1 Rf6 27. Rg4 Rxh6 28. Nxe4 Bxe3+ 29. fxe3 Re5 30. Qc3 Rg6 31. Nd2 Kg8 32. R4g3 g4 33. Nf3 Nf6 34. Nxe5 dxe5 35. Qc2 Ne4 36. R3g2 Kf7 37. Qe2 g3 38. Rf1 Nf2 39. Rgxf2 gxf2 40. Rxf2 Rg1+ 41. Kd2 1-0


[Site "https://www.chess.com"]

[Event "Titled Tuesday Blitz July 05 Early 2022"]
[White "Corrales Jimenez, Fidel"]
[Black "Moon, Benjamin"]
[WhiteFideId "3506690"]
[BlackFideId "2064847"]
[WhiteElo "2541"]
[BlackElo "2601"]
[Result "1-0"]
[Round "03"]
[TimeControl "180+1"]
[Date "2022.07.05"]
[WhiteClock "0:00:13"]
[BlackClock "0:00:05"]

1. d4 d5 2. c4 e6 3. Nc3 c5 4. cxd5 exd5 5. Nf3 Nc6 6. g3 Nf6 7. Bg2 Be7 8. O-O O-O 9. dxc5 Bxc5 10. a3 Ne4 11. Qxd5 Nxc3 12. Qxc5 Nxe2+ 13. Kh1 Nxc1 14. Raxc1 Qf6 15. b4 a6 16. Ng5 Bf5 17. Ne4 Bxe4 18. Bxe4 Rac8 19. Qb6 Qe5 20. Rfe1 Qc7 21. Qxc7 Rxc7 22. Bxc6 bxc6 23. Re5 Rb8 24. Rec5 Rb6 25. Kg2 Kf8 26. Kf3 Ke8 27. h4 g6 28. h5 Rd7 29. R1c3 Rd6 30. h6 Kd7 31. Ke4 Rb5 32. f4 Re6+ 33. Kf3 Rxc5 34. Rxc5 Rd6 35. Ra5 Rd3+ 36. Kg4 f5+ 37. Kh4 Rd2 38. Kh3 Rd1 39. Kg2 Rd2+ 40. Kf3 Rh2 41. Rxa6 Rxh6 42. Kg2 Kd6 43. Ra5 g5 44. fxg5 Re6 45. Rxf5 Re3 46. Rf3 Re2+ 47. Kh3 Re1 48. Kg4 Ra1 49. Kf5 Re1 50. Kf6 Kd7 51. Kg7 Re5 52. Kh6 Kd6 53. g4 Re4 54. Rg3 Ke7 55. Kxh7 Kf8 56. g6 Re7+ 57. Kh6 Re1 58. Rf3+ Kg8 59. Rf6 Rh1+ 60. Kg5 Ra1 61. Rxc6 Rxa3 62. b5 Rb3 63. b6 Kg7 64. Rc7+ Kg8 65. b7 Rb5+ 66. Kh6 1-0


[Site "https://www.chess.com"]

[Event "Titled Tuesday Blitz July 05 Early 2022"]
[White "Csonka, Balazs"]
[Black "Fedoseev, Vladimir"]
[WhiteFideId "742910"]
[BlackFideId "24130737"]
[WhiteElo "2404"]
[BlackElo "2726"]
[Result "1/2-1/2"]
[Round "03"]
[TimeControl "180+1"]
[Date "2022.07.05"]
[WhiteClock "0:00:03"]
[BlackClock "0:00:05"]

1. d4 Nf6 2. c4 e6 3. Nf3 b6 4. g3 Bb7 5. Bg2 Be7 6. O-O O-O 7. Nc3 Bb4 8. Bd2 d6 9. Qc2 Bxc3 10. Bxc3 Be4 11. Qd2 Nbd7 12. Rfe1 Qc8 13. Bf1 h6 14. Nh4 d5 15. f3 Bh7 16. e3 Qb7 17. Qf2 Rad8 18. Rac1 Rfe8 19. g4 c5 20. dxc5 Nxc5 21. Bxf6 gxf6 22. Ng2 dxc4 23. Rxc4 Bd3 24. Rf4 Bxf1 25. Rxf1 Nd3 26. Qh4 Nxf4 27. Nxf4 Qe7 28. Nh5 f5 29. Nf6+ Kg7 30. Nxe8+ Qxe8 31. Kh1 f4 32. exf4 Qb5 33. Rg1 Rd2 34. g5 h5 35. Qxh5 Qd5 36. Qh6+ Kg8 37. Qh3 Kf8 38. Qh8+ Ke7 39. Qf6+ Ke8 40. Qh8+ Kd7 41. Qc3 Rd3 42. Qc2 Qxf3+ 43. Qg2 Qxf4 44. Rf1 Qc4 45. Qb7+ Kd6 46. Qb8+ Kd5 47. Qb7+ Kd6 48. Qb8+ Ke7 49. Qb7+ Kd6 1/2-1/2


[Site "https://www.chess.com"]

[Event "Titled Tuesday Blitz July 05 Early 2022"]
[White "Deac, Bogdan-Daniel"]
[Black "Mindlin, Alon"]
[WhiteFideId "1226380"]
[BlackFideId "2800071"]
[WhiteElo "2648"]
[BlackElo "2390"]
[Result "0-1"]
[Round "03"]
[TimeControl "180+1"]
[Date "2022.07.05"]
[WhiteClock "0:00:05"]
[BlackClock "0:00:59"]

1. d4 Nf6 2. c4 e6 3. Nf3 Bb4+ 4. Bd2 Qe7 5. g3 Nc6 6. Bg2 Bxd2+ 7. Nbxd2 d6 8. Nf1 e5 9. Ne3 O-O 10. O-O e4 11. Nh4 Re8 12. Rc1 Ng4 13. Nhf5 Bxf5 14. Nxf5 Qg5 15. Ne3 Nxe3 16. Qd2 Nxd4 17. fxe3 Nf5 18. Rf4 Re5 19. Rcf1 Rae8 20. Qc3 h5 21. Bh3 Nxg3 22. hxg3 Qxg3+ 23. Bg2 Rg5 24. R1f2 h4 25. Rxf7 h3 26. R7f4 hxg2 27. Qe1 Qh3 28. Rh4 Qxh4 29. Rf8+ Rxf8 30. Qxh4 Rf1+ 0-1


[Site "https://www.chess.com"]

[Event "Titled Tuesday Blitz July 05 Early 2022"]
[White "Dubov, Daniil"]
[Black "Kadric, Denis"]
[WhiteFideId "24126055"]
[BlackFideId "14403803"]
[WhiteElo "2791"]
[BlackElo "2657"]
[Result "1-0"]
[Round "03"]
[TimeControl "180+1"]
[Date "2022.07.05"]
[WhiteClock "0:00:16"]
[BlackClock "0:00:01"]

1. c4 d6 2. Nc3 e5 3. g3 f5 4. Bg2 Be7 5. e3 Nf6 6. Nge2 O-O 7. O-O c6 8. b3 Be6 9. Bb2 Nbd7 10. Rc1 Bf7 11. f4 e4 12. Nd4 g6 13. d3 exd3 14. Qxd3 Nc5 15. Qc2 d5 16. Rcd1 Qa5 17. cxd5 cxd5 18. a3 Nce4 19. b4 Qb6 20. Rc1 Nd6 21. Na4 Qd8 22. Nc5 Qc8 23. Qe2 Nc4 24. Nxb7 Re8 25. Na5 Bf8 26. Nxc4 dxc4 27. Bxa8 Qxa8 28. Rxc4 Ng4 29. Nc2 Qd5 30. Rc7 Bd6 31. Rxa7 Qe4 32. Rxf7 Kxf7 33. Bd4 Rc8 34. Ne1 Be7 35. h3 Nf6 36. Nf3 Kg7 37. Ng5 Qd5 38. Rd1 Kf8 39. Bxf6 1-0


[Site "https://www.chess.com"]

[Event "Titled Tuesday Blitz July 05 Early 2022"]
[White "Gracia Alvarez, Gerardo Antonio"]
[Black "Bazeev, German"]
[WhiteFideId "5109124"]
[BlackFideId "24119350"]
[WhiteElo "2139"]
[BlackElo "2493"]
[Result "1/2-1/2"]
[Round "03"]
[TimeControl "180+1"]
[Date "2022.07.05"]
[WhiteClock "0:00:04"]
[BlackClock "0:00:55"]

1. e4 c5 2. Nc3 Nc6 3. Bb5 g6 4. Bxc6 dxc6 5. d3 Qc7 6. f4 Bg7 7. Nf3 c4 8. d4 Bg4 9. Be3 Rd8 10. e5 Nh6 11. h3 Nf5 12. hxg4 Nxe3 13. Qe2 Nxg4 14. Qxc4 Ne3 15. Qe2 Nd5 16. Nxd5 cxd5 17. O-O-O e6 18. g4 Kd7 19. Rd3 Rc8 20. Ng5 Ke8 21. Rxh7 Rxh7 22. Nxh7 Qc4 23. Kb1 Ke7 24. b3 Qb4 25. f5 Kd7 26. Qf3 gxf5 27. gxf5 Rh8 28. fxe6+ fxe6 29. Qf7+ Qe7 30. Qxe7+ Kxe7 31. Rh3 b5 32. Ng5 Rxh3 33. Nxh3 b4 34. c3 a5 35. Kc2 Bh6 36. Nf2 Kf7 37. cxb4 axb4 38. Kd3 Kg6 39. Nd1 Kf5 40. Nb2 Kf4 41. Na4 Bf8 42. Nb6 Be7 43. Nd7 Kf5 44. Nb6 Bf8 45. Nc8 Be7 46. Nb6 Bf8 47. Nd7 Be7 48. Nb6 1/2-1/2


[Site "https://www.chess.com"]

[Event "Titled Tuesday Blitz July 05 Early 2022"]
[White "Grandelius, Nils"]
[Black "Rozman, Levy"]
[WhiteFideId "1710400"]
[BlackFideId "2039877"]
[WhiteElo "2617"]
[BlackElo "2376"]
[Result "0-1"]
[Round "03"]
[TimeControl "180+1"]
[Date "2022.07.05"]
[WhiteClock "0:00:07"]
[BlackClock "0:00:05"]

1. g3 e5 2. c4 h5 3. h4 Nc6 4. Nc3 Bc5 5. Bg2 a6 6. Nf3 d6 7. b3 Bf5 8. Bb2 Ba7 9. d3 Nge7 10. Qd2 Qd7 11. Ng5 f6 12. Nge4 Rb8 13. Rc1 Be6 14. O-O Nd4 15. e3 Ndf5 16. Ne2 O-O 17. d4 Ng6 18. d5 Bf7 19. Bh3 Nge7 20. Kh2 Bg6 21. N2c3 Qe8 22. b4 Nh6 23. c5 Ng4+ 24. Kg2 Rd8 25. cxd6 cxd6 26. Rfe1 Bf5 27. f3 Nh6 28. Nf2 Qg6 29. e4 Bxh3+ 30. Nxh3 f5 31. Qg5 Qf7 32. Rf1 f4 33. Ne2 Be3 34. Rc7 Rfe8 35. gxf4 Rc8 36. Rxc8 Rxc8 37. Qg3 Rc2 38. Ba1 Rxe2+ 39. Kh1 Bxf4 40. Qg1 Rh2+ 41. Qxh2 Bxh2 42. Kxh2 Nxd5 43. exd5 Qxd5 44. Ng5 Qxa2+ 45. Kg3 Nf5+ 46. Kh3 Qe2 47. Rc1 Kf8 48. Rc7 Qf1+ 49. Kh2 Qf2+ 50. Kh3 Qxh4+ 51. Kg2 Qxg5+ 52. Kf2 0-1


[Site "https://www.chess.com"]

[Event "Titled Tuesday Blitz July 05 Early 2022"]
[White "Hansen, Eric"]
[Black "Terrieux, Kevin"]
[WhiteFideId "2606771"]
[BlackFideId "622591"]
[WhiteElo "2568"]
[BlackElo "2482"]
[Result "1-0"]
[Round "03"]
[TimeControl "180+1"]
[Date "2022.07.05"]
[WhiteClock "0:01:15"]
[BlackClock "0:00:54"]

1. e4 c5 2. Nf3 e6 3. d4 cxd4 4. Nxd4 Nf6 5. Nc3 Nc6 6. Ndb5 Bc5 7. Bf4 Kf8 8. Bc7 Qe7 9. e5 Ne8 10. Bd6 Nxd6 11. exd6 Qf6 12. Qd2 b6 13. Bd3 Bb7 14. Ne4 Qxb2 15. O-O Qe5 16. Rae1 Qh5 17. Be2 Qg6 18. Nxc5 bxc5 19. Bf3 Ba6 20. Bxc6 dxc6 21. d7 Qf6 22. Nc7 Bxf1 23. Nxa8 Qd8 24. Qd6+ Kg8 25. Qc7 1-0


[Site "https://www.chess.com"]